 Dungeon Crawl Stone Soup version 0.31.0-11-ge490571c62 (webtiles) character file.

Game seed: 10634608485841096471

35 FilipinaBountyHunter the Shooter (level 3, -3/27 HPs)
             Began as a Human Hunter on Jan 28, 2024.
             Splashed by Natasha the jelly's acid (5 damage)
             ... on level 3 of the Dungeon.
             The game lasted 00:03:21 (972 turns).

FilipinaBountyHunter the Shooter (Human Hunter)      Turns: 972, Time: 00:03:21

Health: -3/27      AC:  0    Str: 11    XL:     3   Next: 33%
Magic:  3/3        EV: 12    Int: 11    God:
Gold:   74         SH:  0    Dex: 16    Spells: 2/2 levels left

rFire   . . .        e - +0 quarterstaff
rCold   . . .        (shield currently unavailable)
rNeg    . . .        c - +0 leather armour
rPois   .            (no helmet)
rElec   .            (no cloak)
rCorr   .            (no gloves)
SInv    .            (no boots)
Will    .....        (no amulet)
Stlth   ++           (no ring)
HPRegen 0.24/turn    (no ring)
MPRegen 0.08/turn

%: no passive effects
@: corroded
A: explore regen
a: no special abilities


You were on level 3 of the Dungeon.
You visited 1 branch of the dungeon, and saw 3 of its levels.

You collected 74 gold pieces.

Inventory:

Hand Weapons
 a - a +0 shortbow
 e - a +0 quarterstaff (weapon)
Armour
 c - a +0 leather armour (worn)
Talismans
 g - a serpent talisman
Wands
 f - a wand of polymorph (6)


   Skills:
 * Level 2.2 Fighting
 * Level 0.3 Staves
 * Level 4.6 Ranged Weapons
 * Level 0.7 Armour
 * Level 2.0 Dodging
 * Level 1.4 Stealth
 * Level 0.1 Shapeshifting


You had 2 spell levels left.
You didn't know any spells.
Your spell library was empty.

Dungeon Overview and Level Annotations

Branches:
Dungeon (3/15)

Altars:

Annotations:
D:3 Natasha


Innate Abilities, Weirdness & Mutations

You regain HP and MP as you explore.


Message History

As you read the scroll of butterflies, it crumbles to dust.
You hear the flapping of tiny wings.
Natasha is knocked back by the sudden gust.
You aren't carrying any potions.
You swap places.
Natasha completely misses your butterfly.
There is a stone staircase leading up here.
Natasha wildly gestures.
Natasha's front paws start to glow.
Natasha casts a spell.
You climb upwards.
Your summoned allies are left behind.
There is a stone staircase leading down here.
You start resting.
HP restored.
You climb downwards.
Level annotation: Natasha
There is a stone staircase leading up here.
Aiming: Polymorph
Press: ? - help, Shift-Dir - straight line, f - Natasha
Aim: Natasha (will become a jelly, a ball python, or a wyvern, chance to affect: 49%) Natasha evaporates and reforms as a jelly!
Aiming: Polymorph
Press: ? - help, Shift-Dir - straight line, f/p - Natasha
Aim: Natasha the jelly (will become a river rat, a steam dragon, or an adder, chance to affect: 57%)
Okay, then.
You aren't carrying any potions.
Unknown command.
As you read the scroll labelled VUKKIE UGAHYE, it dissolves into smoke.
It was a scroll of fog.
You see here a jackal corpse.
You hit Natasha.
Your hands burn!
Natasha is moderately wounded.
Natasha hits you.
You are splashed with acid!
You hit Natasha.
Your hands burn!
Natasha is heavily wounded.
Natasha barely misses you. Natasha hits you. The acid corrodes you!
You are splashed with acid!
* * * LOW HITPOINT WARNING * * *
You hit Natasha.
Your hands burn!
You die...

...
...
... ..
#....
#.#.
#§.
#§# #
##J#§#
#§@§§#
######


You could see Natasha the jelly.

Vanquished Creatures
  2 ball pythons (D:2)
  3 bats
  3 endoplasms
  2 giant cockroaches (D:2)
  5 hobgoblins
  4 jackals (D:3)
  3 quokkas
  A frilled lizard (D:2)
  A goblin (D:1)
  A kobold (D:1)
  4 rats
29 creatures vanquished.

Notes
Turn   | Place    | Note
-------+----------+-------------------------------------------
     0 | D:1      | FilipinaBountyHunter the Human Hunter began the quest for
                  | the Orb.
     0 | D:1      | Reached XP level 1. HP: 16/16 MP: 1/1
    96 | D:1      | Found a faded altar of an unknown god.
   106 | D:1      | Reached XP level 2. HP: 22/22 MP: 2/2
   712 | D:2      | Reached XP level 3. HP: 20/27 MP: 3/3
   882 | D:3      | Noticed Natasha
   967 | D:3      | Natasha changed into Natasha the jelly
   967 | D:3      | Noticed Natasha
   972 | D:3      | Splashed by Natasha the jelly's acid

Illustrated notes

Levels and vault maps discovered:
D:1:      nzn_arrival_water_spiral, layout_loops_ring,
          hellmonk_ecumenical_altar_run_dry
D:2:      minmay_recursive_quarters, layout_loops_corners
D:3:      layout_basic, amethyst_killhole, st_stairs_13, uniq_sigmund,
          uniq_natasha, uniq_crazy_yiuf_cottage

Action                     || total
---------------------------++-------
  Melee: Quarterstaff      ||    38
   Fire: Shortbow          ||    49
  Evoke: Wand              ||     1
    Use: Scroll            ||     2
 Armour: Leather armour    ||    52
  Dodge: Dodged            ||    70
